 Dungeon Crawl Stone Soup version 0.30-a0-1161-g0704695555 (webtiles) character file.

Game seed: 4521229147331901088

0 AleXD21137 the Grave Robber (level 1, -1/13 HPs)
             Began as a Demonspawn Necromancer on Apr 27, 2023.
             Slain by a goblin
             ... wielding a +0 club
              (4 damage)
             ... on level 1 of the Dungeon.
             The game lasted 00:00:20 (75 turns).

AleXD21137 the Grave Robber (Demonspawn Necromancer)  Turns: 75, Time: 00:00:20

Health: -1/13      AC:  2    Str:  8    XL:     1   Next: 0%
Magic:  3/3        EV: 12    Int: 16    God:
Gold:   10         SH:  0    Dex: 13    Spells: 3/4 levels left

rFire   . . .        (no weapon)
rCold   . . .        (no shield)
rNeg    . . .        a - +0 robe
rPois   .            (no helmet)
rElec   .            (no cloak)
rCorr   .            (no gloves)
SInv    .            (no boots)
Will    .....        (no amulet)
Stlth   ++           (no ring)
HPRegen 0.22/turn    (no ring)
MPRegen 0.08/turn

%: no passive effects
@: no status effects
A: no striking features
a: no special abilities


You were on level 1 of the Dungeon.
You visited 1 branch of the dungeon, and saw 1 of its levels.

You collected 10 gold pieces.

Inventory:

Armour
 a - a +0 robe (worn)
Jewellery
 c - a ring of willpower
Potions
 b - a potion of magic


   Skills:
 + Level 1.7 Dodging
 + Level 1.7 Stealth
 + Level 2.0 Spellcasting
 + Level 4.3 Necromancy


You had 3 spell levels left.
You knew the following spells:

 Your Spells              Type           Power      Damage    Failure   Level
a - Necrotise             Necr           60%        1d7       3%          1

Your spell library contained the following spells:

 Spells                   Type           Power      Damage    Failure   Level
 Vampiric Draining        Necr           15%        2d7       11%         3
 Animate Dead             Necr           15%        N/A       34%         4
 Agony                    Necr           15%        N/A       67%         5


Dungeon Overview and Level Annotations

Branches:
Dungeon (1/15)

Altars:


Message History

Found a dagger.
You see here a +0 dagger.
An endoplasm comes into view.
An endoplasm is nearby! 2 jackals come into view.
A goblin comes into view. It is wielding a +0 club.
The goblin shouts!
Found a pair of boots.
The jackal barks!
You hear a bark!
A jackal comes into view.
A goblin comes into view. It is wielding a +0 club.
The jackal barks!
The goblin shouts!
Found 8 gold pieces.
The endoplasm quivers.
The endoplasm freezes you.
You are frozen.
You hit the endoplasm.
The endoplasm is lightly wounded.
The endoplasm hits you.
You completely miss the endoplasm.
The endoplasm is lightly wounded.
The endoplasm hits you but does no damage.
You hit the endoplasm but do no damage.
The endoplasm is lightly wounded.
The endoplasm completely misses you.
You hit the endoplasm but do no damage.
The endoplasm is lightly wounded.
The jackal misses you. The jackal completely misses you.
The endoplasm freezes you.
You are frozen.
The goblin hits you with a +0 club.
* * * LOW HITPOINT WARNING * * *
You barely miss the goblin.
A giant cockroach comes into view.
The jackal completely misses you. The goblin hits you but does no damage.
The endoplasm barely misses you.
You hit the goblin.
The goblin is heavily wounded.
The jackal closely misses you. The endoplasm closely misses you.
The goblin hits you with a +0 club.
You die...

... ##.# ### ###
######... #.. ..#
#........ # #.# #.#
#.####...
###.##.###.# ##.##
#... .g .hh..#.#
#...# ##..
#.##.##J#.#.# #...#
##.
.......@h.#.###...#
##
.....##g....)...#.#
# .B# ##.########.#
## #... #.# ##.
#..... #.# #..
#....... ### ##..
#...#.$. #...
#....[.. #~..
........ #...


You could see an endoplasm, 3 jackals, a giant cockroach and a goblin.

Vanquished Creatures (others)
  3 fungi (D:1)
  A plant (D:1)
4 creatures vanquished.

Notes
Turn   | Place    | Note
-------+----------+-------------------------------------------
     0 | D:1      | AleXD21137 the Demonspawn Necromancer began the quest for
                  | the Orb.
     0 | D:1      | Reached XP level 1. HP: 13/13 MP: 3/3
    75 | D:1      | Slain by a goblin

Illustrated notes

Levels and vault maps discovered:
D:1:      lemuel_arrival_muddy, layout_loops_cross

Action                     || total
---------------------------++-------
  Melee: Unarmed           ||    19
 Armour: Robe              ||     2
  Dodge: Dodged            ||     7

Table legend: (Time is in decaauts)
 A = Elapsed time spent in this place.
 B = Non-inter-level travel time spent in this place.
 C = Inter-level travel time spent in this place.
 D = Time resting spent in this place.
 E = Time spent auto-exploring this place.
 F = Levels seen in this place.
 G = Mean time per level.
                   A        B        C        D        E       F      G
               +--------+--------+--------+--------+--------+-----+--------+
         Total |     75 |     75 |      0 |      0 |     24 |   1 |   75.0 |
       Dungeon |     75 |     75 |      0 |      0 |     24 |   1 |   75.0 |
               +--------+--------+--------+--------+--------+-----+--------+

Top non-repeatable levels by time:
     D:1: 75 daAuts
